 Dungeon Crawl Stone Soup version 0.27.1-33-g824d729ab1 (webtiles) character file.

Game seed: 1774864653189509753

16032 comborobin the Martial Artist (level 12, 0/81 HPs)
             Began as an Octopode Brigand on Dec 29, 2021.
             Was a Priest of Cheibriados.
             Slain by a slime creature (12 damage)
             ... on level 13 of the Dungeon.
             The game lasted 00:38:12 (17755 turns).

comborobin the Martial Artist (Octopode Brigand)   Turns: 17755, Time: 00:38:12

Health: 0/81       AC:  5    Str: 14    XL:     12   Next: 33%
Magic:  14/23      EV: 18    Int: 34    God:    Cheibriados [***...]
Gold:   433        SH:  5    Dex: 20    Spells: 2/26 levels left

rFire    + . .     SeeInvis .     - Unarmed
rCold    . . .     Faith    .   (shield currently unavailable)
rNeg     + + +     Spirit   .   t - +2 hat
rPois    +         Reflect  +   y - amulet of reflection
rElec    .         Harm     .   i - +4 ring of evasion
rCorr    +         Rampage  .   s - ring "Mopnetix" {rC+ Int+3}
Will     .....                  z - ring of wizardry
Stlth    +++++.....             B - ring of fire
HPRegen  0.23/turn              d - ring of the Exiled Demons {rPois rN+++ Str-5 Int+6}
MPRegen  0.18/turn              u - ring of resist corrosion
                                (no ring)
                                (no ring)

@: blade tentacles, very slightly contaminated, very slow
A: almost no armour, amphibious, 8 rings, camouflage 1, gelatinous body 1,
(nimble swimmer 1), tentacles, tentacle spike 1, iridescent scales 1, clever 1,
strong 1, wild magic 1, evolution 1
a: End Transformation, Renounce Religion, Bend Time, Temporal Distortion


You were on level 13 of the Dungeon.
You worshipped Cheibriados.
Cheibriados was most pleased with you.
You had blades for main tentacles.
You visited 2 branches of the dungeon, and saw 15 of its levels.

You collected 601 gold pieces.
You spent 168 gold pieces at shops.

Inventory:

Hand Weapons
 a - a +3 dagger of venom
 b - a +2 dire flail of protection
 f - a +3 dagger
 q - a +1 dagger of protection
Missiles
 c - 21 poisoned darts (quivered)
 v - 5 atropa-tipped darts
 x - a curare-tipped dart
Armour
 t - a +2 hat (worn)
Jewellery
 d - the ring of the Exiled Demons (on tentacle) {rPois rN+++ Str-5 Int+6}
   (You acquired it on level 11 of the Dungeon)

   [ring of intelligence]

   Str:       It affects your strength (-5).
   Int:       It affects your intelligence (+6).
   rPois:     It protects you from poison.
   rN:        It renders you almost immune to negative energy.
 i - a +4 ring of evasion (left blade tentacle)
 s - the ring "Mopnetix" (right blade tentacle) {rC+ Int+3}
   (You found it on level 4 of the Dungeon)

   [ring of protection from cold]

   Int:       It affects your intelligence (+3).
   rC:        It protects you from cold.
 u - a ring of resist corrosion (on tentacle)
 y - an amulet of reflection (around mantle)
 z - a ring of wizardry (on tentacle)
 B - a ring of fire (on tentacle)
Wands
 h - a wand of flame (38)
 m - a wand of polymorph (2)
 I - a wand of digging (3)
Scrolls
 k - 2 scrolls of magic mapping
 n - 3 scrolls of torment
 o - 2 scrolls of fog
 p - 2 scrolls of teleportation
 r - a scroll of immolation
 A - 3 scrolls of enchant weapon
 C - 4 scrolls of noise
 D - a scroll of brand weapon {unknown}
 E - a scroll of enchant armour
Potions
 e - a potion of lignification
 g - a potion of attraction
 j - a potion of cancellation
 l - 4 potions of mutation
 w - 2 potions of flight


   Skills:
 + Level 7.3 Fighting
 - Level 4.7 Short Blades
 - Level 5.8 Maces & Flails
 - Level 2.0 Throwing
 + Level 2.9 Dodging
 - Level 8.0 Stealth
 + Level 10.1 Unarmed Combat
 - Level 7.6 Spellcasting
 - Level 2.0 Translocations
 - Level 6.8 Transmutations
 * Level 2.5 Invocations
 - Level 6.0 Evocations


You had 2 spell levels left.
You knew the following spells:

 Your Spells              Type           Power      Damage    Failure   Level
b - Blink                 Tloc           N/A        N/A       12%         2
o - Ozocubu's Armour      Ice            16%        N/A       26%         3
B - Blade Hands           Tmut           33%        N/A       19%         5
E - Ensorcelled Hibernat  Hex/Ice        32%        N/A       19%         2
M - Manifold Assault      Tloc           34%        N/A       52%         5
R - Storm Form            Tmut/Air       23%        N/A       99%         7

Your spell library contained the following spells:

 Spells                   Type           Power      Damage    Failure   Level
 Passwall                 Tmut/Erth      39%        N/A       10%         2
 Corona                   Hex            17%        N/A       16%         1
 Gell's Gravitas          Tloc           17%        N/A       17%         3
 Lesser Beckoning         Tloc           17%        N/A       17%         3
 Teleport Other           Tloc           34%        N/A       17%         3
 Portal Projectile        Hex/Tloc       50%        N/A       21%         3
 Ice Form                 Ice/Tmut       47%        N/A       24%         4
 Frozen Ramparts          Ice            32%        1d5       26%         3
 Swiftness                Air            16%        N/A       26%         3
 Tukima's Dance           Hex            16%        N/A       26%         3
 Summon Ice Beast         Ice/Summ       16%        N/A       50%         4
 Excruciating Wounds      Necr           8%         N/A       73%         5
 Invisibility             Hex            8%         N/A       99%         6
 Ozocubu's Refrigeration  Ice            8%         4d6       100%        7


Dungeon Overview and Level Annotations

Branches:
Dungeon (14/15)            Temple (1/1) D:7            Lair (0/6) D:11
    Orc (0/2) D:12
 Vaults: D:13-14

Altars:
Ashenzari
Cheibriados
Dithmenos
Elyvilon
Fedhas
Gozag
Hepliaklqana
Kikubaaqudgha
Makhleb
Nemelex Xobeh
Okawaru
Qazlal
Ru
Sif Muna
Trog
Wu Jian
Xom
Yredelemnul
Zin
The Shining One

Shops:
D:5 [

Portals:
Trove: D:12 (give horn of Geryon)

Annotations:
D:10 3 runed translucent doors, Powertoast's ghost, journeyman MiGl
D:11 exclusions: shadow and 1 more exclusion, Erica


Innate Abilities, Weirdness & Mutations

You have blades for main tentacles.
Your spellcasting is less reliable in this form.
You are incapable of wielding weapons or throwing items.
You cannot wear most types of armour.
You are amphibious.
You can wear up to eight rings at the same time.
Your skin changes colour to match your surroundings (Stealth+).
Your rubbery body absorbs attacks. (AC +1, EV +1)
((You are camouflaged near water. (Stealth+)))
You have tentacles for arms and can constrict up to eight enemies at once.
One of your tentacles bears a spike.
You are partially covered in iridescent scales. (AC +2)
Your mind is acute. (Int +2)
Your muscles are strong. (Str +2)
Your spells are a little harder to cast, but a little more powerful.
You evolve.


Message History

Casting: Ozocubu's Armour (dangerous; 26% risk of failure)
Confirm with . or Enter, or press ? or * to list all spells.
You miscast Ozocubu's Armour.
You are very lightly contaminated with residual magic.
Nothing appears to happen.
The slime creature barely misses you. The slime creature hits you.
Unknown command.
Unknown command.
You slice the slime creature!!
You pierce the slime creature, but do no damage.
The slime creature is moderately wounded.
The slime creature misses you. You block the slime creature's attack.
You slice the slime creature!!
You pierce the slime creature, but do no damage.
The slime creature is severely wounded.
The slime creature closely misses you. The slime creature misses you.
You slice the slime creature!!
You kill the slime creature!
Cheibriados appreciates the change of pace.
The slime creature hits you!
You slice the slime creature!!
You pierce the slime creature.
You squeeze the slime creature!
The slime creature is severely wounded.
Your main tentacles revert to their normal proportions.
The slime creature hits you!
* * * LOW HITPOINT WARNING * * *
Casting: Ozocubu's Armour (dangerous; 6% risk of failure)
Confirm with . or Enter, or press ? or * to list all spells.
Okay, then.
You tentacle-slap the slime creature but do no damage.
The slime creature is severely wounded.
The slime creature hits you!
* * * LOW HITPOINT WARNING * * *
Okay, then.
Okay, then.
Casting: Ozocubu's Armour (dangerous; 6% risk of failure)
Confirm with . or Enter, or press ? or * to list all spells.
Your main tentacles turn into razor-sharp scythe blades.
The slime creature hits you!
You die...

##........,,*
#.........,,*
#..######.*,*
####.)#,,,,*,*,*
#.....#,**+*,,,**
##.##..#,*,,*,,,,,
#......#,*,,*,,,**
#.J###.#,*,∩*,*,,,
#@[#*#.#,****,*,**
#..#,..#,,,,,,*,*
#..#,..#,,,,,,*,*
#..#...#*******,*
#..)#...,,,,,,,,*
#...####*,,,**,,**
#.#.#* **,,,,,,,,,
#.##.#**,*,,**,***
#..,...,,,,,**,*


You could see a slime creature.

Vanquished Creatures
  Snorg (D:11)
  Harold (D:9)
  3 two-headed ogres
  A tengu warrior (D:13)
  Nergalle (D:11)
  Pikel (D:6)
  3 cyclopes
  A kobold demonologist (D:11)
  2 guardian mummies (D:12)
  A tengu conjurer (D:14)
  A troll (D:13)
  5 slime creatures
  Eustachio (D:6)
  2 wyverns
  A shadow (D:9)
  6 yaks
  2 steam dragons
  A yak (shapeshifter) (D:13)
  2 basilisks
  A golden eye (D:6)
  Menkaure (D:6)
  4 vampire mosquitoes (D:12)
  A warg (D:8)
  Edmund (D:6)
  2 acid dragons
  2 water moccasins
  3 orc warriors
  An ice beast (D:5)
  2 ogres
  A hornet zombie (D:9)
  3 black bears
  3 necrophages
  5 centaurs
  2 lemures
  A kobold brigand (D:8)
  3 bullfrogs
  3 scorpions
  A gnoll sergeant (D:7)
  4 wights (D:6)
  5 centaur zombies
  3 bullfrog skeletons
  A hound (D:4)
  7 orc priests
  3 jellies
  3 iguanas
  A scorpion zombie (D:5)
  5 orc wizards
  2 killer bee zombies
  A howler monkey zombie (D:9)
  Robin (D:3)
  6 gnolls
  8 adders
  2 ufetubi
  2 adder skeletons
  4 worms
  A dart slug (D:3)
  21 orcs
  7 ball pythons
  7 endoplasms
  A giant cockroach (D:1)
  13 goblins
  8 hobgoblins
  9 jackals
  A quokka (D:2)
  6 bats
  3 frilled lizards
  7 kobolds
  8 rats
226 creatures vanquished.

Vanquished Creatures (others)
  An orc (D:10)
  A fungus (D:11)
  4 plants (D:10)
6 creatures vanquished.

Grand Total: 232 creatures vanquished

Notes
Turn   | Place    | Note
-------+----------+-------------------------------------------
     0 | D:1      | comborobin the Octopode Brigand began the quest for the
                  | Orb.
     0 | D:1      | Reached XP level 1. HP: 14/14 MP: 1/1
   253 | D:1      | Reached XP level 2. HP: 5/19 MP: 2/2
  1007 | D:1      | Reached XP level 3. HP: 22/24 MP: 3/3
  1366 | D:2      | Found a faded altar of an unknown god.
  1678 | D:2      | You fall into a shaft and drop 2 floors!
  1758 | D:3      | Noticed Robin
  2157 | D:2      | Reached XP level 4. HP: 14/29 MP: 4/4
  2678 | D:3      | Killed Robin
  2835 | D:3      | Gained mutation: You are partially covered in large bone
                  | plates. (SH +4) [potion of mutation]
  2835 | D:3      | Gained mutation: You are weak. (Str -2) [potion of
                  | mutation]
  2835 | D:3      | Gained mutation: You are agile. (Dex +2) [potion of
                  | mutation]
  2837 | D:3      | Found a shadowy altar of Dithmenos.
  3118 | D:3      | Learned a level 2 spell: Blink
  3589 | D:3      | Reached skill level 1 in Translocations
  3769 | D:3      | Reached XP level 5. HP: 34/34 MP: 5/5
  4043 | D:3      | Reached skill level 1 in Spellcasting
  4440 | D:4      | Reached XP level 6. HP: 12/39 MP: 9/9
  4820 | D:4      | Identified the ring "Mopnetix" {rC+ Int+3}
  4996 | D:4      | Found a sacrificial altar of Ru.
  5003 | D:4      | Lost mutation: You are agile. (Dex +2) [potion of mutation]
  5003 | D:4      | Lost mutation: You are weak. (Str -2) [potion of mutation]
  5003 | D:4      | Gained mutation: Your spells are a little harder to cast,
                  | but a little more powerful. [potion of mutation]
  5003 | D:4      | Gained mutation: Your spells are harder to cast, but more
                  | powerful. [potion of mutation]
  5003 | D:4      | Gained mutation: You are robust. (+10% HP) [potion of
                  | mutation]
  5112 | D:4      | Learned a level 3 spell: Ozocubu's Armour
  5350 | D:5      | Entered Level 5 of the Dungeon
  5350 | D:5      | Found an iron altar of Okawaru.
  5356 | D:5      | Found Itweati's Antique Armour Boutique.
  5507 | D:5      | Bought a glowing hat for 168 gold pieces
  5564 | D:5      | Reached XP level 7. HP: 49/49 MP: 13/13
  5643 | D:5      | Learned a level 7 spell: Storm Form
  5677 | D:5      | Lost mutation: You are partially covered in large bone
                  | plates. (SH +4) [potion of mutation]
  5677 | D:5      | Lost mutation: Your spells are harder to cast, but more
                  | powerful. [potion of mutation]
  5677 | D:5      | Lost mutation: You are robust. (+10% HP) [potion of
                  | mutation]
  5677 | D:5      | Gained mutation: You evolve. [potion of mutation]
  5677 | D:5      | Gained mutation: Your muscles are strong. (Str +2) [potion
                  | of mutation]
  5710 | D:5      | Reached skill level 5 in Spellcasting
  6067 | D:5      | Reached XP level 8. HP: 42/50 MP: 17/17
  6350 | D:5      | Noticed a yak
  6351 | D:5      | Noticed a troll
  6535 | D:6      | Noticed Edmund
  6554 | D:6      | Killed Edmund
  6641 | D:6      | Noticed Menkaure
  6643 | D:6      | Killed Menkaure
  6800 | D:6      | Learned a level 5 spell: Blade Hands
  6811 | D:6      | Noticed Pikel
  6908 | D:6      | Reached skill level 1 in Maces & Flails
  6970 | D:6      | Noticed Maggie
  7034 | D:6      | Reached skill level 1 in Evocations
  7075 | D:6      | Killed Pikel
  7076 | D:6      | Reached skill level 5 in Evocations
  7076 | D:6      | Reached XP level 9. HP: 54/54 MP: 20/20
  7242 | D:6      | Gained mutation: One of your tentacles bears a spike.
                  | [evolution]
  7461 | D:6      | Noticed Maggie
  7461 | D:6      | Maggie changed into Maggie the golden eye
  7582 | D:6      | Killed Maggie the golden eye
  8071 | D:6      | Noticed Eustachio
  8114 | D:6      | Killed Eustachio
  8239 | D:6      | Reached skill level 5 in Maces & Flails
  8466 | D:7      | Found a staircase to the Ecumenical Temple.
  8598 | D:7      | Found a white marble altar of Elyvilon.
  8598 | D:7      | Found an ornate altar of the Wu Jian Council.
  8602 | D:7      | Reached skill level 1 in Transmutations
  8607 | D:7      | Found a faded altar of an unknown god.
  8744 | D:7      | Found a faded altar of an unknown god.
  8746 | D:7      | Found a shimmering blue altar of Sif Muna.
  9054 | Temple   | Entered the Ecumenical Temple
  9135 | Temple   | Became a worshipper of Cheibriados the Contemplative
  9199 | D:8      | Learned a level 5 spell: Manifold Assault
  9402 | D:8      | Reached XP level 10. HP: 55/60 MP: 21/21
  9460 | D:8      | Found a sparkling altar of Nemelex Xobeh.
  9549 | D:8      | Reached skill level 5 in Transmutations
  9557 | D:8      | Reached skill level 1 in Unarmed Combat
  9664 | D:8      | Noticed Maurice
  9667 | D:8      | Noticed Maurice
  9667 | D:8      | Maurice changed into Maurice the warg
  9678 | D:8      | Killed Maurice the warg
 10221 | D:8      | Learned a level 2 spell: Ensorcelled Hibernation
 10233 | D:8      | Reached skill level 2 in Unarmed Combat
 10617 | D:9      | Noticed a two-headed ogre
 10630 | D:9      | Killed a two-headed ogre
 10631 | D:9      | Reached skill level 3 in Unarmed Combat
 10750 | D:8      | Reached skill level 4 in Unarmed Combat
 10762 | D:9      | Reached * piety under Cheibriados
 11078 | D:9      | Noticed Harold
 11106 | D:10     | Entered Level 10 of the Dungeon
 11136 | D:10     | Found a runed translucent gate.
 11258 | D:10     | Found a runed translucent gate.
 11259 | D:10     | Found a runed translucent gate.
 11260 | D:10     | Noticed a nine-headed hydra
 11260 | D:10     | Noticed Powertoast's ghost (journeyman MiGl)
 11261 | D:10     | Noticed a ten-headed hydra
 11378 | D:9      | Reached skill level 5 in Unarmed Combat
 11765 | D:9      | HP: 3/60 [Harold (15)]
 11980 | D:9      | Killed Harold
 12171 | D:9      | Gained mutation: You are partially covered in iridescent
                  | scales. (AC +2) [evolution]
 12300 | D:9      | Reached XP level 11. HP: 15/64 MP: 22/22
 12546 | D:10     | Reached skill level 6 in Unarmed Combat
 13932 | D:11     | Noticed Snorg
 13938 | D:11     | Killed Snorg
 13939 | D:11     | Reached ** piety under Cheibriados
 14014 | D:11     | Noticed Erica
 14088 | D:11     | Noticed a two-headed ogre
 14094 | D:11     | Noticed Nergalle
 14109 | D:11     | Killed Nergalle
 14110 | D:11     | Reached skill level 5 in Fighting
 14278 | D:11     | Identified a scroll of acquirement
 14321 | D:11     | Found a staircase to the Lair.
 14329 | D:11     | Killed a two-headed ogre
 14930 | D:11     | Reached skill level 7 in Unarmed Combat
 15212 | D:11     | Acquired the ring of the Exiled Demons {rPois rN+++ Str-5
                  | Int+6}
 15448 | D:12     | Found a staircase to the Orcish Mines.
 15824 | D:12     | Reached skill level 8 in Unarmed Combat
 15888 | D:12     | Gained mutation: Your mind is acute. (Int +2) [evolution]
 16145 | D:12     | Noticed a two-headed ogre
 16150 | D:12     | Killed a two-headed ogre
 16214 | D:12     | Found a portal to a secret trove of treasure.
 16217 | D:12     | Reached skill level 9 in Unarmed Combat
 16217 | D:12     | Reached XP level 12. HP: 62/81 MP: 15/23
 16588 | D:12     | Reached *** piety under Cheibriados
 17316 | D:13     | Reached skill level 10 in Unarmed Combat
 17385 | D:14     | Noticed a tengu warrior
 17393 | D:13     | Killed a tengu warrior
 17394 | D:13     | Reached skill level 1 in Invocations
 17755 | D:13     | Slain by a slime creature

Illustrated notes

Levels and vault maps discovered:
D:1:      nagdon_arrival_double_spiral, layout_loops_corners, eino_curves_04,
          eino_curves_02
D:2:      layout_rooms, basic_ecumenical_altar, hangedman_decor_points,
          kennysheep_generic_room_5
D:3:      layout_loops_ring, mainiacjoe_overflow_concentric_impassable,
          serial_rivers, chequers_serial_rivers_micro_c,
          chequers_serial_rivers_micro_a, chequers_serial_rivers_small_3,
          chequers_serial_rivers_small_3, minmay_quantized, uniq_robin
D:4:      layout_basic, mainiacjoe_overflow_boulevard,
          chequers_serial_rivers_marsh, minmay_quadrilaterals
D:5:      layout_loops_cross, okawaru_metal_pillars_3, serial_shops,
          shop_fountains, chequers_garden, kennysheep_pointless_box,
          grunt_ministairs_15, chequers_serial_rivers_micro_e,
          lightli_corner_chamber
D:6:      layout_basic, uniq_pikel, uniq_eustachio, uniq_maggie, uniq_menkaure,
          uniq_edmund
D:7:      layout_rooms, chequers_temple_overflow_minitemple,
          minmay_temple_entry_drinking_statues
D:8:      layout_loops_ring, nemelex_spade_bored_becter, kennysheep_dice,
          uniq_maurice
D:9:      layout_irregular_city, uniq_harold
D:10:     layout_small_grid, gammafunk_ghost_hydra_chop
D:11:     layout_loops_corners, david_lair_generic, feat_on_display, uniq_snorg,
          uniq_erica, uniq_nergalle
D:12:     layout_roguey, orc_0_dummy, nicolae_trove_entry_path_of_doom,
          nicolae_twisting_strands
D:13:     layout_loops_ring, david_vaults_4
D:14:     layout_loops_ring, minmay_misc_feat_hallway
Temple:   regret_index_temple_waves

Skill      XL: |  1  2  3  4  5  6  7  8  9 10 11 12 |
---------------+-------------------------------------+-----
Short Blades   | 3 4 |  4.7
Translocations | 1 2 |  2.0
Spellcasting   | 2 4 6 7 |  7.6
Maces & Flails | 1 5 |  5.8
Evocations     | 5 6 |  6.0
Transmutations | 4 6 |  6.8
Unarmed Combat | 5 9 10 | 10.1
Stealth        | 8 |  8.0
Dodging        | 2 |  2.9
Fighting       | 7 |  7.3
Invocations    | 2 |  2.5
Throwing       | |  2.0

Action                   |  1- 3 |  4- 6 |  7- 9 | 10-12 || total
-------------------------+-------+-------+-------+-------++-------
Melee: Dagger            |    81 |   109 |    47 |    94 ||   331
       Constrict         |    17 |    23 |    36 |    31 ||   107
       Tentacles         |     5 |    19 |    39 |    57 ||   120
       Dire flail        |       |       |   133 |     8 ||   141
       Kick              |       |       |    31 |   102 ||   133
       Unarmed           |       |       |       |   137 ||   137
       Punch             |       |       |       |    11 ||    11
Throw: Dart              |       |    17 |    17 |    29 ||    63
       Throwing net      |       |       |     1 |     1 ||     2
 Cast: Blink             |       |       |     1 |     4 ||     5
       Blade Hands       |       |       |       |    25 ||    25
       Ensorcelled Hiber |       |       |       |     3 ||     3
       Ozocubu's Armour  |       |       |       |    23 ||    23
Invok: Temporal Distorti |       |       |       |     1 ||     1
Evoke: Wand              |       |     6 |     2 |    39 ||    47
  Use: Potion            |       |     4 |     2 |     4 ||    10
       Scroll            |       |     4 |     7 |    20 ||    31
 Stab: Sleeping          |    14 |    12 |     3 |     7 ||    36
       Distracted        |       |       |     1 |     1 ||     2
       Paralysed         |       |       |       |     4 ||     4
       Invisible         |       |       |       |     1 ||     1
       Held in net/web   |       |       |       |     1 ||     1
Armor: Skin              |     8 |     1 |    30 |    54 ||    93
Dodge: Dodged            |    62 |    68 |   148 |   159 ||   437
Block: Other             |       |    11 |    36 |    55 ||   102
       Reflection        |       |       |     1 |     2 ||     3
